 Dungeon Crawl Stone Soup version 0.25-a0-290-g4a1327ee3a (webtiles) character file.

Game seed: 9666685532807846370, levelgen mode: classic

75 Borgoz the Skirmisher (level 4, -1/29 HPs)
             Began as a Kobold Fighter on Dec 14, 2019.
             Was an Initiate of Okawaru.
             Slain by an adder (4 damage)
             ... on level 2 of the Dungeon.
             The game lasted 00:02:03 (1850 turns).

Borgoz the Skirmisher (Kobold Fighter)              Turns: 1850, Time: 00:02:04

Health: -1/29      AC:  5    Str: 19    XL:     4   Next: 55%
Magic:  4/4        EV: 14    Int:  9    God:    Okawaru [......]
Gold:   94         SH:  0    Dex: 14    Spells: 3/3 levels left

rFire    . . .     SeeInvis .   a - +0 rapier
rCold    . . .     Gourm    .   (shield restricted)
rNeg     . . .     Faith    .   r - +0 ring mail
rPois    .         Spirit   .   (no helmet)
rElec    .         Reflect  .   (no cloak)
rCorr    .         Harm     .   (no gloves)
MR       .....                  (no boots)
Stlth    +.........             (no amulet)
HPRegen  0.09/turn              (no ring)
MPRegen  0.09/turn              (no ring)

@: mighty
A: small, carnivore
a: Renounce Religion


You were on level 2 of the Dungeon.
You worshipped Okawaru.
Okawaru was noncommittal.
You were very full.

You visited 1 branch of the dungeon, and saw 3 of its levels.

You collected 94 gold pieces.

Inventory:

Hand Weapons
 a - a +0 rapier (weapon)
Armour
 r - a +0 ring mail (worn)
Wands
 p - a wand of random effects (26)
Scrolls
 c - 3 scrolls of remove curse {unknown}
 g - 2 scrolls of fog {unknown}
 h - 2 scrolls of immolation {unknown}
 i - 4 scrolls of identify {unknown}
 j - a scroll of teleportation {unknown}
 l - a scroll of amnesia {unknown}
 q - a scroll of blinking {unknown}
Potions
 d - a potion of might
 e - a potion of ambrosia {unknown}
 k - a potion of brilliance {unknown}
 m - a potion of curing {unknown}
 n - 2 potions of lignification {unknown}
 o - a potion of magic {unknown}
Comestibles
 f - 6 rations


   Skills:
 + Level 3.9 Fighting
 + Level 3.7 Short Blades
 + Level 2.9 Armour
 + Level 2.0 Dodging
   Level 2.4 Shields


You had 3 spell levels left.
You didn't know any spells.
Your spell library was empty.

Dungeon Overview and Level Annotations

Branches:
Dungeon (3/15)

Altars:
Okawaru
Ru

Annotations:
D:3 Sigmund


Innate Abilities, Weirdness & Mutations

You are small and have problems with some larger weapons.
You are carnivorous and can eat meat at any time.


Message History

The adder bites you but does no damage. The orc hits you with a +0 short sword.
* * * LOW HITPOINT WARNING * * *
The orc hits you with a +0 club.
* * * LOW HITPOINT WARNING * * *
Unknown command.
You feel very mighty all of a sudden. The adder bites you but does no damage.
The orc barely misses you. The orc hits you but does no damage.
You closely miss the orc.
The orc is severely wounded.
The adder misses you. The orc hits you but does no damage. x2
The adder barely misses you.
You barely miss the orc.
The orc is severely wounded.
The orc hits you but does no damage. The adder barely misses you.
The orc hits you but does no damage.
You closely miss the orc. The adder barely misses you.
The orc closely misses you. x2
You closely miss the adder. The adder bites you.
You die...

.#.......#..########.....##
.##.....##...............#####
.####.####........#..........#
............#######.......##.####
#####......## #.......##.....
...........# ##.....########
#####......##### ##...## #
#..........### #####
#######...###[o@########
#.........# ###oS......#
#.###..######...######.## ##
#.##.........<...## #..# ##.
#.##.....#........# ##.######..
#........#........#####).....#.#
#....#.#.#......................
#........#........#####........#
##....#.(.#........### #....##...


You could see an adder and 2 orcs.

Vanquished Creatures
  An adder (D:2)
  An ooze (D:1)
  2 worms (D:2)
  A dart slug (D:1)
  A leopard gecko (D:2)
  2 orcs (D:2)
  3 giant cockroaches
  12 goblins
  6 hobgoblins
  5 kobolds
  A quokka (D:2)
  2 bats (D:1)
  3 frilled lizards
  7 rats
47 creatures vanquished.

Notes
Turn   | Place    | Note
-------+----------+-------------------------------------------
     0 | D:1      | Borgoz the Kobold Fighter began the quest for the Orb.
     0 | D:1      | Reached XP level 1. HP: 14/14 MP: 1/1
    40 | D:1      | Reached XP level 2. HP: 11/19 MP: 2/2
   238 | D:1      | Reached skill level 1 in Dodging
   532 | D:1      | Reached XP level 3. HP: 17/23 MP: 3/3
  1132 | D:2      | Reached XP level 4. HP: 27/29 MP: 4/4
  1138 | D:2      | Found an iron altar of Okawaru.
  1227 | D:2      | Became a worshipper of Warmaster Okawaru
  1647 | D:2      | Found a sacrificial altar of Ru.
  1761 | D:3      | Noticed Sigmund
  1850 | D:2      | Slain by an adder

Levels and vault maps discovered:
D:1:      lightli_arrival_windingriver, layout_loops_cross
D:2:      layout_rooms, overflow_temple_1_default, old_standard_altar,
          chequers_serial_rivers_small_3, chequers_garden,
          hangedman_decor_lopped
D:3:      layout_rooms, first_ration, serial_park_tiny_2, uniq_sigmund

Skill      XL: |  1  2  3  4 |
---------------+-------------+-----
Short Blades   | 3 |  3.7
Dodging        | 1 2 |  2.0
Fighting       | |  3.9
Armour         | |  2.9
Shields        | |  2.4

Action                   |  1- 3 |  4- 6 || total
-------------------------+-------+-------++-------
Melee: Rapier            |   114 |    53 ||   167
  Use: Potion            |       |     1 ||     1
  Eat: Chunk             |     9 |     2 ||    11
Armor: Scale mail        |    36 |     6 ||    42
       Ring mail         |       |    12 ||    12
Dodge: Dodged            |    59 |    53 ||   112

Table legend:
 A = Non-vault XP
 B = Vault XP
 C = Vault XP percentage of total XP
 D = Non-vault monster count
 E = Vault monster count
 F = Vault count percentage of total count
                 A         B        C        D         E       F
            +---------+---------+-------+---------+---------+-------
      Total |     108 |       0 |   0.0 |      47 |       0 |   0.0
            +---------+---------+-------+---------+---------+-------
        D:1 |      49 |       0 |   0.0 |      26 |       0 |   0.0
        D:2 |      59 |       0 |   0.0 |      21 |       0 |   0.0
            +---------+---------+-------+---------+---------+-------
